| TOP OF THE 1ST |
|
Evansville Triplets batting - Pitching for Wichita Aeros : LHP Darrell Jackson
|
|
Pitching: LHP Darrell Jackson
|
|
|
Batting: LHB Greg Gross
|
0-0: Called Strike 0-1: Ball 1-1: Foul Ball, location: 2F 1-2: SINGLE (Line Drive, 34, EV 96.3 MPH)
|
|
Batting: RHB Cory Mihalic
|
0-0: Ground out 5-3 (Groundball, 56S, EV 84.4 MPH) Greg Gross to second
|
|
Batting: RHB Richard Bass
|
0-0: Foul Ball, location: 2F 0-1: Ball 1-1: Ball 2-1: Ball 3-1: Base on Balls Greg Gross steals 3rd base
|
|
Batting: RHB Ron Kittle
|
0-0: Ball 1-0: Ball 2-0: Foul Ball, location: 2F 2-1: Foul Ball, location: 2F 2-2: Grounds into double play, 5-4-3 (Groundball, 56S, EV 84.4 MPH)
|
| Top of the 1st over - 0 runs, 1 hit, 0 errors, 1 left on base; Evansville 0 - Wichita 0 |
| BOTTOM OF THE 1ST |
|
Wichita Aeros batting - Pitching for Evansville Triplets : RHP Bill Gullickson
|
|
Pitching: RHP Bill Gullickson
|
|
|
Batting: LHB Omar Guerrero
|
0-0: Swinging Strike 0-1: Fly out, F5 (Flyball, 5D, EV 85.6 MPH)
|
|
Batting: RHB Greg Cypret
|
0-0: Ground out 3-1 (Groundball, 34, EV 103.8 MPH)
|
|
Batting: LHB Glenn Gulliver
|
0-0: Called Strike 0-1: Ground out 4-3 (Groundball, 4, EV 86.3 MPH)
|
| Bottom of the 1st over - 0 runs, 0 hits, 0 errors, 0 left on base; Evansville 0 - Wichita 0 |
| TOP OF THE 2ND |
|
Evansville Triplets batting - Pitching for Wichita Aeros : LHP Darrell Jackson
|
|
Batting: SHB Mickey Tettleton
|
0-0: Ball 1-0: Ball 2-0: Ball 3-0: Base on Balls
|
|
Batting: RHB Mike Allen
|
0-0: Ground out 6-3 (Groundball, P, EV 84.4 MPH) Mickey Tettleton to second
|
|
Batting: LHB Luis Alfaro
|
0-0: Ball 1-0: Foul Ball, location: 2F 1-1: Called Strike 1-2: Ball 2-2: Foul Ball, location: 2F 2-2: Foul Ball, location: 2F 2-2: Foul Ball, location: 2F 2-2: Ball 3-2: Fly out, F7 (Flyball, 7D, EV 99.4 MPH) Runner from 2nd tags up, SAFE at 3rd, no throw by LF
|
|
Batting: RHB Jaden Smith
|
0-0: Foul Ball, location: 2F 0-1: Ball 1-1: Called Strike 1-2: Foul Ball, location: 2F 1-2: Ball 2-2: Foul Ball, location: 2F 2-2: Foul Ball, location: 2F 2-2: Foul Ball, location: 2F 2-2: Fly out, F9 (Flyball, 9S, EV 78.1 MPH)
|
| Top of the 2nd over - 0 runs, 0 hits, 0 errors, 1 left on base; Evansville 0 - Wichita 0 |
| BOTTOM OF THE 2ND |
|
Wichita Aeros batting - Pitching for Evansville Triplets : RHP Bill Gullickson
|
|
Batting: RHB Bill Schroeder
|
0-0: Ball 1-0: Fly out, F4 (Popup, 4, EV 61.3 MPH)
|
|
Batting: SHB Gary Pettis
|
0-0: Called Strike 0-1: Foul Ball, location: 2F 0-2: Ball 1-2: Ball 2-2: Ball 3-2: Foul Ball, location: 2F 3-2: Base on Balls
|
|
Batting: LHB James Pellack
|
0-0: Called Strike Gary Pettis steals 2nd base 0-1: Swinging Strike 0-2: Ball 1-2: Ball 2-2: Foul Ball, location: 2F 2-2: Ball 3-2: Foul Ball, location: 2F 3-2: Strikes out swinging
|
|
Batting: RHB Gary House
|
0-0: Ball Balk! Gary Pettis to third 1-0: Ball 2-0: Called Strike 2-1: Foul Ball, location: 2F 2-2: Ball 3-2: Strikes out swinging
|
| Bottom of the 2nd over - 0 runs, 0 hits, 0 errors, 1 left on base; Evansville 0 - Wichita 0 |
| TOP OF THE 3RD |
|
Evansville Triplets batting - Pitching for Wichita Aeros : LHP Darrell Jackson
|
|
Batting: RHB Ed Jurak
|
0-0: Called Strike 0-1: Called Strike 0-2: Ball 1-2: Strikes out looking
|
|
Batting: LHB Greg Gross
|
0-0: Foul Ball, location: 2F 0-1: Ball 1-1: Ball 2-1: Foul Ball, location: 2F 2-2: Foul Ball, location: 2F 2-2: Ball 3-2: Base on Balls
|
|
Batting: RHB Cory Mihalic
|
0-0: Ball 1-0: Called Strike 1-1: Ball 2-1: Called Strike 2-2: Ball 3-2: Foul Ball, location: 2F 3-2: Fly out, F7 (Flyball, 7, EV 81.9 MPH)
|
|
Batting: RHB Richard Bass
|
0-0: Ball 1-0: Ball Greg Gross steals 2nd base (no throw) 2-0: Called Strike 2-1: Ball 3-1: Ground out 4-3 (Groundball, 4S, EV 90.0 MPH)
|
| Top of the 3rd over - 0 runs, 0 hits, 0 errors, 1 left on base; Evansville 0 - Wichita 0 |
| BOTTOM OF THE 3RD |
|
Wichita Aeros batting - Pitching for Evansville Triplets : RHP Bill Gullickson
|
|
Batting: LHB Jesus Ramos
|
0-0: Ground out 5-3 (Groundball, 5, EV 91.3 MPH)
|
|
Batting: RHB Victor Mabee
|
0-0: Called Strike 0-1: Ball 1-1: Foul Ball, location: 2F 1-2: Ball 2-2: Foul Ball, location: 2F 2-2: SINGLE (Groundball, 56D, EV 110.0 MPH)
|
|
Batting: LHB Omar Guerrero
|
0-0: Ball Pickoff Throw to First - Error! E1 Victor Mabee to second 1-0: Ball 2-0: Ground out 4-3 (Groundball, 34, EV 87.5 MPH) Victor Mabee to third
|
|
Batting: RHB Greg Cypret
|
0-0: Ball 1-0: SINGLE (Groundball, 34D, EV 106.9 MPH) Victor Mabee scores
|
|
Batting: LHB Glenn Gulliver
|
Pickoff Throw to First - Out! 1-3
|
| Bottom of the 3rd over - 1 run, 2 hits, 1 error, 0 left on base; Evansville 0 - Wichita 1 |
| TOP OF THE 4TH |
|
Evansville Triplets batting - Pitching for Wichita Aeros : LHP Darrell Jackson
|
|
Batting: RHB Ron Kittle
|
0-0: Called Strike 0-1: Ground out 5-3 (Groundball, 25, EV 91.9 MPH)
|
|
Batting: SHB Mickey Tettleton
|
0-0: Foul Ball, location: 2F 0-1: Foul Ball, location: 2F 0-2: Reached on error, E6 (Groundball, 6, EV 77.5 MPH)
|
|
Batting: RHB Mike Allen
|
0-0: Ball 1-0: Ball 2-0: Called Strike 2-1: Ball 3-1: Base on Balls
|
|
Batting: LHB Luis Alfaro
|
0-0: Foul Ball, location: 2F 0-1: Called Strike 0-2: Strikes out looking
|
|
Batting: RHB Jaden Smith
|
0-0: Called Strike 0-1: SINGLE (Groundball, 6MD, EV 105.6 MPH) Mickey Tettleton to third Mike Allen to second Runner from 3rd tries for Home, SAFE, throw by CF to home
|
|
Batting: RHB Ed Jurak
|
0-0: Ball 1-0: Ground out 5-3 (Groundball, 56, EV 87.5 MPH)
|
| Top of the 4th over - 1 run, 1 hit, 1 error, 2 left on base; Evansville 1 - Wichita 1 |
| BOTTOM OF THE 4TH |
|
Wichita Aeros batting - Pitching for Evansville Triplets : RHP Bill Gullickson
|
|
Batting: LHB Glenn Gulliver
|
0-0: Swinging Strike 0-1: Called Strike 0-2: Ball 1-2: Foul Ball, location: 2F 1-2: Foul Ball, location: 2F 1-2: Strikes out swinging
|
|
Batting: RHB Bill Schroeder
|
0-0: Fly out, F8 (Flyball, 8RM, EV 94.4 MPH)
|
|
Batting: SHB Gary Pettis
|
0-0: Ball 1-0: Ground out 6-3 (Groundball, 6, EV 83.1 MPH)
|
| Bottom of the 4th over - 0 runs, 0 hits, 0 errors, 0 left on base; Evansville 1 - Wichita 1 |
| TOP OF THE 5TH |
|
Evansville Triplets batting - Pitching for Wichita Aeros : LHP Darrell Jackson
|
|
Batting: LHB Greg Gross
|
0-0: Ball 1-0: Foul Ball, location: 2F 1-1: Swinging Strike 1-2: DOUBLE (Flyball, 8RD, EV 96.3 MPH)
|
|
Batting: RHB Cory Mihalic
|
0-0: Intentional Walk
|
|
Batting: RHB Richard Bass
|
0-0: SINGLE (Groundball, 6D, EV 102.5 MPH) Greg Gross to third Cory Mihalic to second Runner from 3rd tries for Home, SAFE, throw by LF to home
|
|
Batting: RHB Ron Kittle
|
0-0: Ball 1-0: Swinging Strike 1-1: Ball 2-1: Foul Ball, location: 2F 2-2: Foul Ball, location: 2F 2-2: Foul Ball, location: 2F 2-2: Strikes out swinging
|
|
Batting: SHB Mickey Tettleton
|
0-0: Called Strike 0-1: Foul Ball, location: 2F 0-2: Foul Ball, location: 2F 0-2: Ball 1-2: Ball 2-2: Ball 3-2: Foul Ball, location: 2F 3-2: Foul Ball, location: 2F 3-2: Grounds into double play, 6-4-3 (Groundball, 56, EV 90.0 MPH)
|
| Top of the 5th over - 1 run, 2 hits, 0 errors, 1 left on base; Evansville 2 - Wichita 1 |
| BOTTOM OF THE 5TH |
|
Wichita Aeros batting - Pitching for Evansville Triplets : RHP Bill Gullickson
|
|
Batting: LHB James Pellack
|
0-0: Ball 1-0: Called Strike 1-1: SINGLE (Groundball, 34D, EV 99.4 MPH)
|
|
Batting: RHB Gary House
|
0-0: Ball 1-0: Called Strike 1-1: Foul Ball, location: 2F 1-2: Foul Ball, location: 2F 1-2: Fly out, F9 (Line Drive, 9, EV 91.9 MPH)
|
|
Batting: LHB Jesus Ramos
|
0-0: Fly out, F8 (Line Drive, 8LD, EV 85.0 MPH)
|
|
Batting: RHB Victor Mabee
|
0-0: Called Strike 0-1: Ball 1-1: Ball 2-1: Fly out, F8 (Flyball, 89M, EV 81.3 MPH)
|
| Bottom of the 5th over - 0 runs, 1 hit, 0 errors, 1 left on base; Evansville 2 - Wichita 1 |
| TOP OF THE 6TH |
|
Evansville Triplets batting - Pitching for Wichita Aeros : LHP Darrell Jackson
|
|
Batting: RHB Mike Allen
|
0-0: Fly out, F7 (Flyball, 7, EV 95.0 MPH)
|
|
Batting: LHB Luis Alfaro
|
0-0: Fly out, F8 (Flyball, 89XD, EV 99.4 MPH)
|
|
Batting: RHB Jaden Smith
|
0-0: Ground out 5-3 (Groundball, 56, EV 100.6 MPH)
|
| Top of the 6th over - 0 runs, 0 hits, 0 errors, 0 left on base; Evansville 2 - Wichita 1 |
| BOTTOM OF THE 6TH |
|
Wichita Aeros batting - Pitching for Evansville Triplets : RHP Bill Gullickson
|
|
Batting: LHB Omar Guerrero
|
0-0: Foul Ball, location: 2F 0-1: Ground out 6-3 (Groundball, 6M, EV 106.9 MPH)
|
|
Batting: RHB Greg Cypret
|
0-0: DOUBLE (Groundball, 3L, EV 104.4 MPH)
|
|
Batting: LHB Glenn Gulliver
|
0-0: Ball 1-0: Ground out 6-3 (Groundball, 6, EV 109.4 MPH)
|
|
Batting: RHB Bill Schroeder
|
0-0: Ground out 2-3 (Groundball, 2L, EV 63.1 MPH)
|
| Bottom of the 6th over - 0 runs, 1 hit, 0 errors, 1 left on base; Evansville 2 - Wichita 1 |
| TOP OF THE 7TH |
|
Evansville Triplets batting - Pitching for Wichita Aeros : LHP Darrell Jackson
|
|
Batting: RHB Ed Jurak
|
0-0: Ball 1-0: Swinging Strike 1-1: Ball 2-1: Ground out U3 (Groundball, 3L, EV 87.5 MPH)
|
|
Batting: LHB Greg Gross
|
0-0: Ball 1-0: Ball 2-0: Ball 3-0: Base on Balls
|
|
Batting: RHB Cory Mihalic
|
0-0: Ball Greg Gross is caught stealing 2nd base 2-4 1-0: Ball 2-0: Ball 3-0: Called Strike 3-1: Foul Ball, location: 2F 3-2: Strikes out swinging, 2-3 out at first.
|
| Top of the 7th over - 0 runs, 0 hits, 0 errors, 0 left on base; Evansville 2 - Wichita 1 |
| BOTTOM OF THE 7TH |
|
Wichita Aeros batting - Pitching for Evansville Triplets : RHP Bill Gullickson
|
|
Batting: SHB Gary Pettis
|
0-0: Called Strike 0-1: Ball 1-1: Swinging Strike 1-2: Foul Ball, location: 2F 1-2: Ball 2-2: Ground out U3 (Groundball, 3, EV 91.3 MPH)
|
|
Batting: LHB James Pellack
|
0-0: Fly out, F7 (Flyball, 78D, EV 96.9 MPH)
|
|
Batting: RHB Gary House
|
0-0: Foul Ball, location: 2F 0-1: Foul Ball, location: 2F 0-2: Hit by Pitch
|
|
Pinch Hitting: LHB Michael Barnes
|
0-0: Fly out, F8 (Line Drive, 8RM, EV 97.5 MPH)
|
| Bottom of the 7th over - 0 runs, 0 hits, 0 errors, 1 left on base; Evansville 2 - Wichita 1 |
| TOP OF THE 8TH |
|
Evansville Triplets batting - Pitching for Wichita Aeros : LHP Darrell Jackson
|
|
Now at 2B: Michael Barnes
|
|
|
Batting: RHB Richard Bass
|
0-0: Ball 1-0: Foul Ball, location: 2F 1-1: Ball 2-1: Fly out, F7 (Flyball, 7, EV 86.9 MPH)
|
|
Batting: RHB Ron Kittle
|
0-0: Foul Ball, location: 2F 0-1: Ground out 5-3 (Groundball, 56S, EV 82.5 MPH)
|
|
Batting: SHB Mickey Tettleton
|
0-0: Called Strike 0-1: Ball 1-1: Ball 2-1: Ball 3-1: Called Strike 3-2: Fly out, F3 (Line Drive, 3, EV 70.0 MPH)
|
| Top of the 8th over - 0 runs, 0 hits, 0 errors, 0 left on base; Evansville 2 - Wichita 1 |
| BOTTOM OF THE 8TH |
|
Wichita Aeros batting - Pitching for Evansville Triplets : RHP Bill Gullickson
|
|
Pitching: LHP Randy Niemann
|
|
|
Batting: RHB Victor Mabee
|
0-0: Foul Ball, location: 2F 0-1: Ball 1-1: Foul Ball, location: 2F 1-2: Ball 2-2: Foul Ball, location: 2F 2-2: Fly out, F8 (Line Drive, 8RM, EV 85.6 MPH)
|
|
Batting: LHB Omar Guerrero
|
0-0: Ball 1-0: Swinging Strike 1-1: Fly out, F5 (Popup, 25, EV 81.3 MPH)
|
|
Batting: RHB Greg Cypret
|
0-0: Ground out 6-3 (Groundball, 6, EV 84.4 MPH)
|
| Bottom of the 8th over - 0 runs, 0 hits, 0 errors, 0 left on base; Evansville 2 - Wichita 1 |
| TOP OF THE 9TH |
|
Evansville Triplets batting - Pitching for Wichita Aeros : LHP Darrell Jackson
|
|
Pitching: RHP Joey McLaughlin
|
|
|
Batting: RHB Mike Allen
|
0-0: DOUBLE (Line Drive, 7LS, EV 96.3 MPH)
|
|
Batting: LHB Luis Alfaro
|
0-0: Intentional Walk
|
|
Batting: RHB Jaden Smith
|
0-0: Ball 1-0: Ball 2-0: Fly out, F8 (Flyball, 8LS, EV 84.4 MPH)
|
|
Batting: RHB Ed Jurak
|
0-0: Called Strike 0-1: Fielders Choice at 2nd, 6-4 (Groundball, 6, EV 101.9 MPH) Mike Allen to third
|
|
Batting: LHB Greg Gross
|
0-0: Ball 1-0: Ball 2-0: Ball 3-0: Called Strike 3-1: Called Strike 3-2: Foul Ball, location: 2F 3-2: Foul Ball, location: 2F 3-2: Base on Balls Ed Jurak to second
|
|
Batting: RHB Cory Mihalic
|
0-0: Called Strike 0-1: Fly out, F7 (Flyball, 7, EV 91.3 MPH)
|
| Top of the 9th over - 0 runs, 1 hit, 0 errors, 3 left on base; Evansville 2 - Wichita 1 |
| BOTTOM OF THE 9TH |
|
Wichita Aeros batting - Pitching for Evansville Triplets : LHP Randy Niemann
|
|
Pinch Hitting: RHB Dave Hoenstine
|
0-0: Ball 1-0: Ball 2-0: DOUBLE (Flyball, 89XD, EV 94.4 MPH)
|
|
Batting: RHB Bill Schroeder
|
0-0: Ball 1-0: Foul Ball, location: 2F 1-1: Fly out, F8 (Line Drive, 8RM, EV 88.8 MPH) Runner from 2nd tags up, SAFE at 3rd with throw by CF
|
|
Batting: SHB Gary Pettis
|
0-0: Called Strike 0-1: Called Strike 0-2: Strikes out swinging
|
|
Pinch Hitting: RHB Jesse Barfield
|
0-0: Ball 1-0: Ball 2-0: Called Strike 2-1: Ground out 6-3 (Groundball, 6, EV 92.5 MPH)
|
| Bottom of the 9th over - 0 runs, 1 hit, 0 errors, 1 left on base; Evansville 2 - Wichita 1 |
|